 Dungeon Crawl Stone Soup version 0.30.1-11-g7821555f0a (webtiles) character file.

Game seed: 14244032279221564457

59 Dillybarz the Shield-Bearer (level 3, -17/33 HPs)
             Began as a Minotaur Fighter on Nov 14, 2023.
             Blown up by Ijyb (18 damage)
             ... with a mindburst bolt
             ... on level 3 of the Dungeon.
             The game lasted 00:06:31 (1979 turns).

Dillybarz the Shield-Bearer (Minotaur Fighter)      Turns: 1979, Time: 00:06:31

Health: -17/33     AC:  9    Str: 22    XL:     3   Next: 78%
Magic:  2/2        EV:  8    Int:  5    God:
Gold:   107        SH:  4    Dex:  9    Spells: 2/2 levels left

rFire   . . .        a - +0 war axe
rCold   . . .        c - +0 buckler
rNeg    . . .        l - +0 chain mail
rPois   .            (helmet restricted)
rElec   .            (no cloak)
rCorr   .            (no gloves)
SInv    .            (no boots)
Will    .....        (no amulet) Stlth
                     (no ring)
HPRegen 0.25/turn    (no ring)
MPRegen 0.08/turn

%: no passive effects
@: no status effects
A: horns 2, retaliatory headbutt
a: no special abilities


You were on level 3 of the Dungeon.
You visited 1 branch of the dungeon, and saw 3 of its levels.

You collected 107 gold pieces.

Inventory:

Hand Weapons
 a - a +0 war axe (weapon)
Missiles
 g - 29 stones
 h - 2 poisoned darts (quivered)
Armour
 c - a +0 buckler (worn)
 f - a +0 tower shield
 l - a +0 chain mail (worn)
Jewellery
 k - a ring of protection from cold
Scrolls
 e - a scroll of fear {unknown}
 i - a scroll of magic mapping {unknown}
 j - 2 scrolls of enchant weapon {unknown}
 n - 2 scrolls of teleportation {unknown}
 p - a scroll of immolation {unknown}
 r - a scroll of identify {unknown}
Potions
 b - a potion of degeneration {unknown}
 d - a potion of might
 m - a potion of mutation {unknown}
 o - a potion of flight {unknown}
 q - 2 potions of heal wounds {unknown}


   Skills:
 + Level 4.1 Fighting
 * Level 3.7 Axes
 + Level 4.1 Armour
 + Level 4.2 Shields


You had 2 spell levels left.
You didn't know any spells.
Your spell library contained the following spells:

 Spells                   Type           Power      Damage    Failure   Level
 Apportation              Tloc           0%         N/A       99%         1
 Beastly Appendage        Tmut           0%         N/A       99%         1
 Necrotise                Necr           0%         1d4       99%         1
 Summon Small Mammal      Summ           0%         N/A       99%         1
 Poisonous Vapours        Pois/Air       0%         N/A       99%         2
 Wereblood                Tmut           0%         N/A       99%         2
 Mephitic Cloud           Conj/Pois/Air  0%         N/A       100%        3
 Spider Form              Tmut/Pois      0%         N/A       100%        3
 Freezing Cloud           Conj/Ice/Air   0%         6-21      100%        5


Dungeon Overview and Level Annotations

Branches:
Dungeon (3/15)

Altars:

Annotations:
D:3 Ijyb


Innate Abilities, Weirdness & Mutations

You have a pair of horns on your head.
You reflexively headbutt those who attack you in melee.


Message History

A rat comes into view.
A rat is nearby!
The rat bites you but does no damage.
You completely miss the rat. The rat completely misses you.
You closely miss the rat. The rat closely misses you. You furiously retaliate!
You headbutt the rat. The rat bites you.
You slash the rat!
You kill the rat!
You see here a rat corpse.
g - 29 stones (gained 4)
You pick up a book of Changes and begin reading...
You add the spells Beastly Appendage, Wereblood and Spider Form to your library.
Found a robe.
Found a stone staircase leading down.
Ijyb the Twisted Goblin comes into view.
She is wielding a +0 dagger and carrying a wand of mindburst (15).
Ijyb shouts!
Throw: 4 darts (poison)
Press: ? - help, Q - select action, (/) - cycle Shift-Dir - straight line, f - Ijyb
Aim: Ijyb, wielding a +0 dagger, wearing a +0 ring mail and carrying a wand of mindburst (15) (52% to hit)
You throw a poisoned dart. The poisoned dart hits Ijyb.
A dart slug comes into view.
Ijyb zaps a wand.
Your mind is blasted!
You start resting.
Ijyb is nearby!
Throw: 3 darts (poison)
Press: ? - help, Q - select action, (/) - cycle Shift-Dir - straight line, f/p - Ijyb
Aim: Ijyb, wielding a +0 dagger, wearing a +0 ring mail and carrying a wand of mindburst (14) (52% to hit)
You throw a poisoned dart. The poisoned dart hits Ijyb.
Ijyb is poisoned.
You closely miss Ijyb. You headbutt Ijyb, but do no damage.
Ijyb hits you but does no damage.
You barely miss Ijyb.
Ijyb is lightly wounded.
Ijyb zaps a wand.
Your mind is blasted!
Ouch! That really hurt!
* * * LOW HITPOINT WARNING * * *
Ijyb hits you but does no damage.
You hit Ijyb. Your headbutt misses Ijyb.
Ijyb is lightly wounded.
Ijyb zaps a wand.
Your mind is blasted!
Ouch! That really hurt!
You die...

#.# #.# #.# #.#
#.# #.#
##########.####
#..........g(.#
#.########@##.#
#.########.##.#
#..........##.#
#..^.......##..
#..........##...
#.########.##...(
#.# #.##..... #.#
#.##>.[..# #.#
#....w#


You could see Ijyb (poisoned).

Vanquished Creatures
  2 adders (D:2)
  A dart slug (D:3)
  An endoplasm (D:2)
  4 giant cockroaches
  2 hobgoblins
  7 kobolds
  5 ball pythons
  6 bats
  7 goblins
  2 rats
37 creatures vanquished.

Notes
Turn   | Place    | Note
-------+----------+-------------------------------------------
     0 | D:1      | Dillybarz the Minotaur Fighter began the quest for the Orb.
     0 | D:1      | Reached XP level 1. HP: 19/19 MP: 0/0
   208 | D:1      | Reached XP level 2. HP: 27/27 MP: 1/1
  1007 | D:2      | Reached XP level 3. HP: 33/33 MP: 2/2
  1037 | D:2      | Found a faded altar of an unknown god.
  1967 | D:3      | Noticed Ijyb
  1978 | D:3      | HP: 1/33 [disintegration (19)]
  1979 | D:3      | Blown up by Ijyb

Illustrated notes

Levels and vault maps discovered:
D:1:      tarquinn_simple_flora_water_f, layout_basic
D:2:      layout_loops_cross, hellmonk_ecumenical_altar_crossroads,
          minmay_pentomino_r2
D:3:      layout_basic, minmay_curled_crystal, uniq_ijyb

Skill      XL: |  1  2 |
---------------+-------+-----
Axes           | 3 |  3.7
Fighting       | 4 |  4.1
Armour         | 4 |  4.1
Shields        | 4 |  4.2

Action                     || total
---------------------------++-------
  Melee: War axe           ||    92
         Headbutt          ||    10
  Throw: Dart              ||     2
 Armour: Scale mail        ||    25
         Chain mail        ||    40
  Dodge: Dodged            ||    33
  Block: Buckler           ||    12
